 Dungeon Crawl Stone Soup version 0.14-a0-629-g748cab2 (webtiles) character file.

724 PolkaDot the Jinx (level 7, -3/46 HPs)
             Began as a Vampire Enchanter on Nov 5, 2013.
             Was a Follower of Kikubaaqudgha.
             Slain by Duvessa
             ... wielding a +2,+0 elven short sword
              (6 damage)
             ... on Level 5 of the Dungeon.
             The game lasted 00:18:17 (3532 turns).

PolkaDot the Jinx (Vampire Enchanter)               Turns: 3532, Time: 00:18:18

HP  -3/46        AC  3     Str  7      XL: 7   Next: 17%
MP   0/14        EV 18     Int 18      God: Kikubaaqudgha [*.....]
Gold 127         SH  0     Dex 15      Spells:  3 memorised,  0 levels left

Res.Fire  : + . .   See Invis. : +   a - +1,+2 dagger
Res.Cold  : x . .   Warding    : .   b - +1 robe
Life Prot.: . . .   Conserve   : .   (no shield)
Res.Poison: .       Res.Corr.  : .   (no helmet)
Res.Elec. : .       Clarity    : .   (no cloak)
Sust.Abil.: . .     Spirit.Shd : .   (no gloves)
Res.Mut.  : .       Stasis     : .   (no boots)
Res.Rott. : .       Flight     : .   (no amulet)
Saprovore : . . .                    k - ring of fire
                                     j - +6 ring of evasion

@: regenerating quickly, slightly resistant to hostile enchantments, quite
stealthy
A: bottle blood, fangs 3, see invisible, unbreathing
a: Bottle Blood, Receive Corpses, Renounce Religion


You were on level 5 of the Dungeon.
You worshipped Kikubaaqudgha.
Kikubaaqudgha was aware of your devotion.
You were very full.

You visited 1 branch of the dungeon, and saw 5 of its levels.

You collected 127 gold pieces.

Inventory:

Hand weapons
 a - a +1,+2 dagger (weapon)
 l - the +6,+4 mace "Trired" {holy, rC+}
   (You found it on level 4 of the Dungeon)

   It has been blessed by the Shining One to cause great damage to the undead
   and demons.
   It protects you from cold.
Missiles
 d - 11 darts (quivered)
Armour
 b - a +1 robe (worn)
Scrolls
 f - 2 scrolls of identify
 g - 8 scrolls of remove curse {unknown}
 h - a scroll of magic mapping
 n - a scroll of enchant armour {unknown}
 o - a scroll of curse armour {unknown}
 p - a scroll of fog {unknown}
 s - a scroll of random uselessness {unknown}
 t - a scroll of fear {unknown}
Jewellery
 j - a +6 ring of evasion (left hand)
 k - a ring of fire (right hand)
Potions
 e - a potion of restore abilities
 i - a potion of beneficial mutation
 r - a potion of flight
Books
 c - a book of Maledictions

   Spells                             Type                      Level
   *Corona                            Hexes                        1
   Sure Blade                         Hexes/Charms                 2
   Ensorcelled Hibernation            Hexes/Ice                    2
   *Confuse                           Hexes                        3
   Enslavement                        Hexes                        4
   *Invisibility                      Hexes                        6
 u - Kikubaaqudgha's Disquisition on Unholy Magic
   (Kikubaaqudgha gifted it to you on level 4 of the Dungeon)

   Spells                             Type                      Level
   Pain                               Necromancy                   1
   Lethal Infusion                    Charms/Necromancy            2
   Sublimation of Blood               Necromancy                   2
   Regeneration                       Charms/Necromancy            3
   Control Undead                     Necromancy                   4


   Skills:
 - Level 3.6 Short Blades
 - Level 0.7 Throwing
 - Level 2.1 Dodging
 + Level 6.0 Stealth
 + Level 2.2 Spellcasting
 * Level 9.1 Hexes


You couldn't memorise any spells.
You knew the following spells:

 Your Spells              Type           Power        Failure   Level  Hunger
A - Corona                Hex            #####..      1%          1    #......
C - Confuse               Hex            #####...     1%          3    ###....
I - Invisibility          Hex            #####...     71%         6    #######


Dungeon Overview and Level Annotations

Branches:
Dungeon (5/27)
 Temple: D:4-7

Altars:
Fedhas
Kikubaaqudgha

Annotations:
D:5 Dowan, Duvessa


Innate Abilities, Weirdness & Mutations

Your natural rate of healing is unusually fast.
You can bottle blood from corpses.
You have razor-sharp teeth.*
You have supernaturally acute eyesight.
You can survive without breathing.*


Message History

Dowan blinks!
Found a scroll labeled MICWAQ TAKHO.
Found a scroll of identify.
Okay, then.
Read which item? (? for menu, Esc to quit)
Okay, then.
Duvessa misses you.
Casting: Confuse
Confirm with . or Enter, or press ? or * to list all spells.
Aiming: Confuse
Press: ? - help, Shift-Dir - straight line, f/p - Duvessa
Aim: Duvessa, wielding an elven short sword and wearing an elven leather armour (heavily wounded, moving very quickly) Duvessa struggles to resist.
Duvessa hits you but does no damage.
Duvessa hits you with an elven short sword.
* * * LOW HITPOINT WARNING * * *
Dowan mumbles some strange words.
Dowan blinks!
Duvessa hits you with an elven short sword.
You die...
Kikubaaqudgha rasps: "You have failed me!
Welcome... oblivion!"

#########################
....??..@e........%......
###............[....#####
#.................#
+...###########...# #...
#...# #.. #...# . #...#
#...# #...#


You could see Duvessa.

Vanquished Creatures
  Eustachio (D:4)
  An ogre (D:4)
  An ice beast (D:4)
  A hound (D:4)
  3 worker ants (D:4)
  Ijyb (D:2)
  Jessica (D:2)
  Terence (D:2)
  5 adders
  A giant mite (D:3)
  A worm (D:3)
  A giant eyeball (D:4)
  5 giant geckos
  2 orcs (D:3)
  5 bats
  A bat skeleton (D:4)
  3 giant cockroaches
  10 goblins
  9 hobgoblins
  4 quokkas
  A giant newt (D:2)
  14 kobolds
  14 rats
86 creatures vanquished.

Notes
Turn   | Place    | Note
--------------------------------------------------------------
     0 | D:1      | PolkaDot, the Vampire Enchanter, began the quest for the Orb.
     0 | D:1      | Reached XP level 1. HP: 13/13 MP: 4/4
   244 | D:1      | Reached XP level 2. HP: 19/19 MP: 5/5
   777 | D:2      | Reached skill level 5 in Hexes
   816 | D:2      | Noticed Ijyb
   819 | D:2      | Noticed Jessica
   890 | D:2      | Killed Ijyb
   890 | D:2      | Reached XP level 3. HP: 21/24 MP: 3/6
   948 | D:2      | Noticed Terence
   969 | D:2      | Learned a level 3 spell: Confuse
  1063 | D:2      | HP: 1/24 [adder (4)]
  1327 | D:2      | Killed Jessica
  1327 | D:2      | Reached XP level 4. HP: 28/30 MP: 2/8
  1429 | D:2      | Killed Terence
  1524 | D:2      | Found a blossoming altar of Fedhas.
  1723 | D:3      | Found an ancient bone altar of Kikubaaqudgha.
  1735 | D:3      | Became a worshipper of Kikubaaqudgha
  1743 | D:3      | Reached skill level 6 in Hexes
  2230 | D:3      | Reached XP level 5. HP: 35/35 MP: 6/9
  2751 | D:4      | Noticed an ice beast
  2759 | D:4      | Killed an ice beast
  2759 | D:4      | Acquired Kikubaaqudgha's first power
  2759 | D:4      | Received a gift from Kikubaaqudgha
  2759 | D:4      | Reached skill level 7 in Hexes
  2760 | D:4      | Identified Kikubaaqudgha's Disquisition on Unholy Magic (Kikubaaqudgha gifted it to you on level 4 of the Dungeon)
  2807 | D:4      | Noticed Eustachio
  2819 | D:4      | Killed Eustachio
  2819 | D:4      | Reached skill level 5 in Stealth
  2819 | D:4      | Reached skill level 8 in Hexes
  2819 | D:4      | Reached XP level 6. HP: 33/41 MP: 0/11
  3098 | D:4      | Got a smoking mace
  3099 | D:4      | Identified the +6,+4 mace "Trired" {holy, rC+} (You found it on level 4 of the Dungeon)
  3212 | D:4      | Paralysed by a giant eyeball for 3 turns
  3294 | D:4      | Noticed an ogre
  3308 | D:4      | Killed an ogre
  3308 | D:4      | Reached skill level 9 in Hexes
  3308 | D:4      | Reached XP level 7. HP: 46/46 MP: 7/14
  3451 | D:4      | Learned a level 6 spell: Invisibility
  3467 | D:5      | Entered Level 5 of the Dungeon
  3467 | D:5      | Noticed Duvessa
  3467 | D:5      | Noticed Dowan
  3520 | D:5      | HP: 1/46 [Duvessa/elven short sword (2)]
  3532 | D:5      | Slain by Duvessa

Action                   |  1- 3 |  4- 6 |  7- 9 || total
-------------------------+-------+-------+-------++-------
Melee: Dagger            |   196 |   253 |    33 ||   482
Throw: Dart              |     3 |       |       ||     3
 Cast: Corona            |     7 |     1 |       ||     8
       Confuse           |     2 |    16 |     7 ||    25
  Use: Potion            |     5 |     3 |     1 ||     9
       Scroll            |     1 |     4 |     1 ||     6
 Stab: Sleeping          |     3 |    14 |     1 ||    18
       Confused          |       |     8 |     1 ||     9
